[Event "7th Iberoamerican-ch 2019"]
[Site "Linares"]
[Date "2019.08.13"]
[Round "4.34"]
[White "Lacayo, Rene"]
[Black "Garcia Morales, Ivette Ale"]
[Result "1-0"]
[ECO "A46"]
[WhiteElo "2240"]
[BlackElo "1998"]
[Annotator "NA"]
[PlyCount "79"]
[EventDate "2019.08.10"]
[EventType "swiss"]
[EventCountry "ESP"]
[SourceTitle "playchess.com"]
[Source "ChessBase"]
[SourceQuality "1"]
[TimeControl "5400+30"]

1. d4 e6 2. Nf3 Nf6 3. Bg5 b6 4. e3 Bb7 5. Nbd2 Be7 6. Bd3 O-O 7. e4 d6 8. Qe2 h6 9. Bf4 Nfd7 10. O-O a5 11. Rfd1 Ba6 12. c4 Nc6 13. e5 dxe5 14. dxe5 Nc5 15. Be4 Nxe4 16. Nxe4 Qc8 17. Nd4 Nxd4 18. Rxd4 Rd8 19. Rad1 Rxd4 20. Rxd4 Bb7 21. Rd3 Bxe4 22. Qxe4 Qe8 23. h3 Rd8 24. Rg3 Kh8 25. Be3 Qd7 26. Kh2 Bc5 27. Qg4 g6 28. Bxh6 Bxf2 29. Rf3 Bc5 30. Qh4 Kg8 31. Qf6 Bf8 32. Bxf8 Rxf8 33. h4 Qd8 34. Qf4 Kg7 35. h5 g5 36. Qg4 f5 37. exf6+ Kh6 38. Qxe6 Re8 39. Qf5 Qd6+ 40. Rg3 1-0

[Event "7th Iberoamerican-ch 2019"]
[Site "Linares"]
[Date "2019.08.13"]
[Round "4.35"]
[White "Balbuena Fuentes, Mario"]
[Black "Alvarez Morales, Miguel"]
[Result "*"]
[WhiteElo "2266"]
[BlackElo "1965"]
[Annotator "NA"]
[PlyCount "39"]
[EventDate "2019.08.10"]
[EventType "swiss"]
[EventCountry "ESP"]
[SourceTitle "playchess.com"]
[Source "ChessBase"]
[SourceQuality "1"]
[TimeControl "5400+30"]

1. e4 c5 2. Nc3 e6 3. f4 d5 4. Nf3 Nf6 5. e5 Nfd7 6. d4 cxd4 7. Nxd4 Nc6 8. Be3 Bb4 9. Be2 Qa5 10. O-O Nxd4 11. Bxd4 a6 12. f5 exf5 13. e6 fxe6 14. Bxg7 Rg8 15. Bd4 Bc5 16. Kh1 Bxd4 17. Qxd4 Qc5 18. Bh5+ Kd8 19. Qf4 Nf6 20. Bf3 *

[Event "7th Iberoamerican-ch 2019"]
[Site "Linares"]
[Date "2019.08.13"]
[Round "4.36"]
[White "Calzetta Ruiz, Monica"]
[Black "Serrano Garcia, Luis"]
[Result "1-0"]
[ECO "C77"]
[WhiteElo "2257"]
[BlackElo "1902"]
[Annotator "NA"]
[PlyCount "47"]
[EventDate "2019.08.10"]
[EventType "swiss"]
[EventCountry "ESP"]
[SourceTitle "playchess.com"]
[Source "ChessBase"]
[SourceQuality "1"]
[TimeControl "5400+30"]

1. e4 e5 2. Nf3 Nc6 3. Bb5 a6 4. Ba4 Nf6 5. d3 b5 6. Bb3 Be7 7. a4 Bb7 8. Nc3 b4 9. Nd5 Nxd5 10. Bxd5 d6 11. c3 Rb8 12. a5 O-O 13. Qa4 Na7 14. cxb4 Bxd5 15. exd5 Rb5 16. Be3 Qa8 17. O-O Rxd5 18. Rfc1 Nb5 19. Qb3 Qb7 20. Rc4 f5 21. Rac1 Rxd3 22. Qxd3 e4 23. Qb3 d5 24. Ne5 1-0

[Event "7th Iberoamerican-ch 2019"]
[Site "Linares"]
[Date "2019.08.13"]
[Round "4.37"]
[White "Luque Saiz, Andres"]
[Black "Silva Rodriguez, Fernando"]
[Result "0-1"]
[ECO "C54"]
[WhiteElo "1988"]
[BlackElo "2270"]
[Annotator "NA"]
[PlyCount "105"]
[EventDate "2019.08.10"]
[EventType "swiss"]
[EventCountry "ESP"]
[SourceTitle "playchess.com"]
[Source "ChessBase"]
[SourceQuality "1"]
[TimeControl "5400+30"]

1. e4 e5 2. Nf3 Nc6 3. Bc4 Bc5 4. c3 Nf6 5. d3 d6 6. O-O O-O 7. Nbd2 a5 8. h3 Be6 9. Re1 h6 10. a4 Qb8 11. Nf1 Qa7 12. Qe2 Ne7 13. Rd1 Bb6 14. Ng3 Rae8 15. Ba2 Ng6 16. d4 exd4 17. cxd4 Bxa2 18. Rxa2 Nxe4 19. Nxe4 d5 20. Nf6+ gxf6 21. Qd3 Kg7 22. Qd2 Rh8 23. b4 Re4 24. Bb2 axb4 25. Qxb4 Ba5 26. Qb3 c6 27. Nd2 Re2 28. Qd3 Rhe8 29. Bc3 R8e7 30. Raa1 Bxc3 31. Qxc3 Qb8 32. Nf1 Qf4 33. Qg3 R2e4 34. Ne3 Kh7 35. Qxf4 Nxf4 36. Rd2 Rxd4 37. Rb2 Rde4 38. Rab1 d4 39. Nf5 Re1+ 40. Rxe1 Rxe1+ 41. Kh2 d3 42. Kg3 Nd5 43. Rd2 Nb4 44. Nd6 c5 45. Kf3 Re6 46. Nc4 f5 47. Nb2 Rd6 48. Ke3 f4+ 49. Kxf4 c4 50. Ke5 Rd5+ 51. Ke4 f5+ 52. Ke3 c3 53. Rxd3 0-1

[Event "7th Iberoamerican-ch 2019"]
[Site "Linares"]
[Date "2019.08.13"]
[Round "4.38"]
[White "Diaz Mino, Daniel"]
[Black "Diaz Mino, Pablo"]
[Result "1-0"]
[ECO "C44"]
[WhiteElo "1835"]
[BlackElo "2109"]
[Annotator "NA"]
[PlyCount "139"]
[EventDate "2019.08.10"]
[EventType "swiss"]
[EventCountry "ESP"]
[SourceTitle "playchess.com"]
[Source "ChessBase"]
[SourceQuality "1"]
[TimeControl "5400+30"]

1. e4 e5 2. Nf3 Nc6 3. d4 exd4 4. Nxd4 Bb4+ 5. c3 Bc5 6. Nxc6 bxc6 7. Bc4 Qh4 8. O-O Nf6 9. g3 Qh3 10. Qf3 O-O 11. Bf4 d6 12. Nd2 Nh5 13. Be2 Nxf4 14. Qxf4 Be6 15. Bf3 a5 16. Nb3 Bxb3 17. Bg4 Qh6 18. Qxh6 gxh6 19. axb3 Rfb8 20. Bd1 d5 21. Ra4 Rd8 22. Bc2 Bb6 23. Rd1 Rab8 24. Kg2 Rd6 25. e5 Re6 26. Rg4+ Kh8 27. f4 Bc5 28. Ra1 Ree8 29. Rh4 f6 30. Rxh6 fxe5 31. Rxh7+ Kg8 32. Kh3 e4 33. Rxc7 Re6 34. Re1 Bd6 35. Rxc6 Kf7 36. Ra6 Rh8+ 37. Kg2 Reh6 38. Ra7+ Ke6 39. Rh1 Rg8 40. Ra6 Rh5 41. Re1 Rgh8 42. h4 Rg8 43. Kh3 Rh7 44. c4 Rhg7 45. cxd5+ Kxd5 46. Bxe4+ Kc5 47. Rc6+ Kb4 48. Rxd6 Rxg3+ 49. Kh2 R3g4 50. Rh6 Rxf4 51. Bd5 Rgg4 52. Kh3 Rd4 53. Rc1 Kb5 54. Bc4+ Kb4 55. Rb6+ Kc5 56. Be6+ Kxb6 57. Bxg4 Rd3+ 58. Kg2 Rxb3 59. Rc2 Rd3 60. Bf3 Rd8 61. h5 Kb5 62. Kh3 Kb4 63. Rg2 Kb3 64. Bg4 Rd6 65. Kh4 a4 66. Kg5 Rd5+ 67. Bf5 Rd8 68. Bg6 Rd5+ 69. Kh6 Rd7 70. Bc2+ 1-0

[Event "7th Iberoamerican-ch 2019"]
[Site "Linares"]
[Date "2019.08.13"]
[Round "4.39"]
[White "Jimenez Bernal, Francisco"]
[Black "Moreno Bello, Miguel"]
[Result "1-0"]
[ECO "D08"]
[WhiteElo "2222"]
[BlackElo "1544"]
[Annotator "NA"]
[PlyCount "85"]
[EventDate "2019.08.10"]
[EventType "swiss"]
[EventCountry "ESP"]
[SourceTitle "playchess.com"]
[Source "ChessBase"]
[SourceQuality "1"]
[TimeControl "5400+30"]

1. d4 d5 2. c4 e5 3. dxe5 d4 4. a3 Nc6 5. e3 Nxe5 6. exd4 Nc6 7. d5 Qe7+ 8. Be2 Ne5 9. Nc3 Bf5 10. Be3 O-O-O 11. h3 h5 12. Nf3 Nxf3+ 13. Bxf3 g5 14. Qd4 Rh6 15. c5 g4 16. Be4 Bxe4 17. Qxe4 Qxe4 18. Nxe4 Re8 19. Ng3 Bxc5 20. O-O-O Bxe3+ 21. fxe3 Re5 22. hxg4 hxg4 23. e4 Rxh1 24. Rxh1 Kd7 25. Kc2 Ne7 26. Kc3 Nxd5+ 27. Kd4 Ke6 28. exd5+ Rxd5+ 29. Ke3 f5 30. Ne2 Ke5 31. Rh7 c5 32. Rxb7 c4 33. Re7+ Kd6 34. Nf4 Rd1 35. Rxa7 Rb1 36. Ra6+ Kd7 37. Ra4 Rxb2 38. Rxc4 Rb3+ 39. Kd4 Rxa3 40. Ke5 Ra5+ 41. Kf6 Ke8 42. Rd4 Rd5 43. Rxd5 1-0

[Event "7th Iberoamerican-ch 2019"]
[Site "Linares"]
[Date "2019.08.13"]
[Round "4.40"]
[White "Vara Soler, Luis"]
[Black "Perera Borrego, Maria Adela"]
[Result "*"]
[ECO "C09"]
[WhiteElo "1845"]
[BlackElo "2179"]
[Annotator "NA"]
[PlyCount "36"]
[EventDate "2019.08.10"]
[EventType "swiss"]
[EventCountry "ESP"]
[SourceTitle "playchess.com"]
[Source "ChessBase"]
[SourceQuality "1"]
[TimeControl "5400+30"]

1. e4 e6 2. d4 d5 3. Nd2 c5 4. exd5 exd5 5. Ngf3 Nc6 6. Bb5 Qe7+ 7. Qe2 Qxe2+ 8. Bxe2 Nb4 9. Bd1 Bf5 10. c3 Nd3+ 11. Kf1 Bd6 12. dxc5 Bxc5 13. Nd4 Bxd4 14. cxd4 Ne7 15. Nb3 Rc8 16. h4 h5 17. g3 Bg6 18. Kg2 O-O *

[Event "7th Iberoamerican-ch 2019"]
[Site "Linares"]
[Date "2019.08.14"]
[Round "5.2"]
[White "Henriquez Villagra, Cristobal"]
[Black "Delgado Ramirez, Neuris"]
[Result "1/2-1/2"]
[ECO "B52"]
[WhiteElo "2562"]
[BlackElo "2612"]
[Annotator "ChessBase"]
[PlyCount "96"]
[EventDate "2019.08.10"]
[EventType "swiss"]
[EventCountry "ESP"]
[SourceTitle "playchess.com"]
[Source "ChessBase"]
[SourceQuality "1"]
[TimeControl "5400+30"]

1. e4 c5 2. Nf3 d6 3. Bb5+ Bd7 4. Bxd7+ Nxd7 5. O-O Ngf6 6. Qe2 Rc8 7. b3 e6 8. Bb2 Be7 9. c4 O-O 10. Nc3 a6 11. d4 cxd4 12. Nxd4 Re8 13. Rad1 Qc7 14. Rfe1 Bf8 15. Kh1 Qa5 16. f4 e5 17. Nf5 exf4 18. Qf3 Re6 19. Qxf4 Rce8 20. Rf1 Ne5 21. Nd5 Nfd7 22. c5 dxc5 23. Nde3 f6 24. Qg3 Kh8 25. Nc4 Qc7 26. Ncd6 Rxd6 27. Rxd6 g6 28. Bxe5 Nxe5 29. Rxf6 gxf5 30. exf5 Qg7 31. Qxg7+ Kxg7 32. Rb6 Rb8 33. Rd1 Kg8 34. Re6 Nc6 35. Rd7 Rd8 36. Rxd8 Nxd8 37. Rb6 Kf7 38. g4 Ke7 39. g5 Kd7 40. g6 hxg6 41. Rxg6 Nc6 42. h4 Nd4 43. h5 Nxf5 44. Rf6 Ng3+ 45. Kg2 Be7 46. Rb6 Nxh5 47. Rxb7+ Kd6 48. Rb6+ Ke5 1/2-1/2

[Event "7th Iberoamerican-ch 2019"]
[Site "Linares"]
[Date "2019.08.14"]
[Round "5.3"]
[White "Flores, Diego"]
[Black "Huerga Leache, Mikel"]
[Result "1/2-1/2"]
[ECO "A05"]
[WhiteElo "2604"]
[BlackElo "2440"]
[Annotator "ChessBase"]
[PlyCount "89"]
[EventDate "2019.08.10"]
[EventType "swiss"]
[EventCountry "ESP"]
[SourceTitle "playchess.com"]
[Source "ChessBase"]
[SourceQuality "1"]
[TimeControl "5400+30"]

1. Nf3 Nf6 2. g3 b6 3. Bg2 Bb7 4. O-O g6 5. c4 Bg7 6. Nc3 O-O 7. d3 d5 8. Ne5 Nbd7 9. d4 e6 10. Bg5 h6 11. Nxd7 Qxd7 12. Bxf6 Bxf6 13. cxd5 Bxd5 14. Nxd5 exd5 15. Rc1 Rfd8 16. e3 Rac8 17. b4 Be7 18. Qb3 c5 19. bxc5 bxc5 20. dxc5 Bxc5 21. Rfd1 d4 22. exd4 Bxd4 23. Rxc8 Qxc8 24. Bd5 Qc5 25. Bxf7+ Kg7 26. Qb7 Qb6 27. Qxb6 Bxb6 28. Bd5 g5 29. Kg2 Kf6 30. f4 gxf4 31. gxf4 Rd6 32. Kf3 Rd8 33. h4 h5 34. Rd3 Rd7 35. Rd2 Rd8 36. Rd1 Rd7 37. Bb3 Rxd1 38. Bxd1 Bd8 39. Kg3 Kg6 40. Bc2+ Kh6 41. Ba4 Bf6 42. Be8 Be7 43. f5 Bf6 44. a4 a5 45. Bf7 1/2-1/2

[Event "7th Iberoamerican-ch 2019"]
[Site "Linares"]
[Date "2019.08.14"]
[Round "5.5"]
[White "Espinosa Aranda, Angel"]
[Black "Salgado Lopez, Ivan"]
[Result "1/2-1/2"]
[ECO "B06"]
[WhiteElo "2497"]
[BlackElo "2596"]
[Annotator "ChessBase"]
[PlyCount "120"]
[EventDate "2019.08.10"]
[EventType "swiss"]
[EventCountry "ESP"]
[SourceTitle "playchess.com"]
[Source "ChessBase"]
[SourceQuality "1"]
[TimeControl "5400+30"]

1. e4 g6 2. d4 Bg7 3. Nc3 d6 4. Bg5 c6 5. Qd2 b5 6. f4 b4 7. Nd1 Nd7 8. Nf3 Rb8 9. a3 b3 10. c3 Ngf6 11. Bd3 d5 12. Nf2 dxe4 13. Nxe4 O-O 14. O-O c5 15. Bxf6 exf6 16. Nxc5 Nxc5 17. dxc5 Qd5 18. Qe3 Bb7 19. Rad1 Qc6 20. Qf2 Ba8 21. Bc4 Rfc8 22. Rd6 Qc7 23. Nd4 Kh8 24. Bxb3 Qxc5 25. Rd7 Rc7 26. Rxf7 Rxf7 27. Bxf7 f5 28. Re1 Be4 29. Ba2 Bf6 30. Re2 Rd8 31. Rd2 h5 32. Nf3 Qc7 33. Ne5 Rxd2 34. Qxd2 Qb6+ 35. Qf2 Qa6 36. Qc5 Kh7 37. Bc4 Qb7 38. Qf8 Qb6+ 39. Kf1 Bxg2+ 40. Kxg2 Qxb2+ 41. Kg1 Qc1+ 42. Bf1 Qe3+ 43. Kg2 Qd2+ 44. Kh1 Bxe5 45. fxe5 Qf2 46. Qf7+ Kh6 47. Qc4 Qf3+ 48. Bg2 Qe3 49. Qf1 Qxc3 50. Qf4+ Kg7 51. h4 Qxa3 52. Qd4 Qg3 53. Qxa7+ Kh6 54. Qe7 f4 55. Qf6 Qe1+ 56. Kh2 Qg3+ 57. Kg1 Qe3+ 58. Kf1 Qd3+ 59. Ke1 Qe3+ 60. Kf1 Qd3+ 1/2-1/2

[Event "7th Iberoamerican-ch 2019"]
[Site "Linares"]
[Date "2019.08.14"]
[Round "5.6"]
[White "Moreno Ruiz, Javier"]
[Black "Vazquez Igarza, Renier"]
[Result "1/2-1/2"]
[ECO "D34"]
[WhiteElo "2473"]
[BlackElo "2570"]
[Annotator "ChessBase"]
[PlyCount "40"]
[EventDate "2019.08.10"]
[EventType "swiss"]
[EventCountry "ESP"]
[SourceTitle "playchess.com"]
[Source "ChessBase"]
[SourceQuality "1"]
[TimeControl "5400+30"]

1. c4 e6 2. g3 c5 3. Bg2 Nc6 4. Nf3 Nf6 5. O-O d5 6. cxd5 exd5 7. d4 Be7 8. Nc3 O-O 9. Bg5 cxd4 10. Nxd4 h6 11. Be3 Re8 12. Rc1 Bf8 13. Na4 Bd7 14. Nxc6 Bxc6 15. Nc5 Ne4 16. Nxe4 dxe4 17. Qxd8 Raxd8 18. Rfd1 a6 19. Bb6 Rd5 20. Rxd5 Bxd5 1/2-1/2

[Event "7th Iberoamerican-ch 2019"]
[Site "Linares"]
[Date "2019.08.14"]
[Round "5.7"]
[White "Albornoz Cabrera, Carlos Daniel"]
[Black "Fluvia Poyatos, Jordi"]
[Result "1-0"]
[ECO "B12"]
[WhiteElo "2566"]
[BlackElo "2455"]
[Annotator "ChessBase"]
[PlyCount "75"]
[EventDate "2019.08.10"]
[EventType "swiss"]
[EventCountry "ESP"]
[SourceTitle "playchess.com"]
[Source "ChessBase"]
[SourceQuality "1"]
[TimeControl "5400+30"]

1. e4 c6 2. d4 d5 3. e5 c5 4. dxc5 e6 5. a3 Bxc5 6. b4 Bb6 7. Qg4 Ne7 8. Qxg7 Rg8 9. Qxh7 Nbc6 10. Nf3 Qc7 11. Bb2 Bd7 12. c4 dxc4 13. Nbd2 c3 14. Bxc3 O-O-O 15. Qc2 Nf5 16. Nc4 Kb8 17. O-O-O Nce7 18. Rg1 Nd5 19. Bb2 Rc8 20. Kb1 Bb5 21. Rc1 Qe7 22. Qd2 Rgd8 23. Nxb6 Nxb6 24. Rxc8+ Nxc8 25. Qc2 Bxf1 26. Rxf1 Nb6 27. Rc1 Nd5 28. g3 Qd7 29. Ng5 Nb6 30. Ne4 Rc8 31. Nc5 Qd5 32. a4 Rc6 33. a5 Nd4 34. Qd3 Nf3 35. axb6 Rxc5 36. Qxd5 Rxd5 37. Rc8+ Kxc8 38. bxa7 1-0

[Event "7th Iberoamerican-ch 2019"]
[Site "Linares"]
[Date "2019.08.14"]
[Round "5.8"]
[White "Cruz, Cristhian"]
[Black "Plazuelo Pascual, Juan"]
[Result "1/2-1/2"]
[ECO "A40"]
[WhiteElo "2559"]
[BlackElo "2411"]
[Annotator "ChessBase"]
[PlyCount "70"]
[EventDate "2019.08.10"]
[EventType "swiss"]
[EventCountry "ESP"]
[SourceTitle "playchess.com"]
[Source "ChessBase"]
[SourceQuality "1"]
[TimeControl "5400+30"]

1. d4 e6 2. c4 b6 3. Nc3 Bb7 4. a3 Nf6 5. Nf3 d5 6. Qc2 Be7 7. cxd5 exd5 8. g3 O-O 9. Bg2 Nbd7 10. Bf4 c6 11. O-O Re8 12. Rad1 Bf8 13. Rfe1 h6 14. Ne5 Nxe5 15. dxe5 Nh5 16. b4 Rc8 17. Qb3 a6 18. Na4 Nxf4 19. gxf4 b5 20. Nb2 a5 21. Nd3 Ra8 22. e4 axb4 23. axb4 Ra4 24. f5 Qa8 25. exd5 cxd5 26. e6 fxe6 27. fxe6 Qd8 28. Kh1 Qh4 29. e7 Rxe7 30. Bxd5+ Kh7 31. Bxb7 Rxb7 32. Ne5 Qf6 33. Qd3+ g6 34. Rg1 Rg7 35. Nd7 Qc6+ 1/2-1/2

[Event "7th Iberoamerican-ch 2019"]
[Site "Linares"]
[Date "2019.08.14"]
[Round "5.9"]
[White "Escobar Forero, Alder"]
[Black "Fier, Alexandr"]
[Result "1-0"]
[ECO "B85"]
[WhiteElo "2477"]
[BlackElo "2558"]
[Annotator "ChessBase"]
[PlyCount "81"]
[EventDate "2019.08.10"]
[EventType "swiss"]
[EventCountry "ESP"]
[SourceTitle "playchess.com"]
[Source "ChessBase"]
[SourceQuality "1"]
[TimeControl "5400+30"]

1. e4 c5 2. Nf3 e6 3. d4 cxd4 4. Nxd4 Nc6 5. Nc3 Qc7 6. Be3 a6 7. Be2 Nf6 8. O-O Be7 9. f4 d6 10. Qe1 O-O 11. Qg3 Nxd4 12. Bxd4 b5 13. a3 Bb7 14. Rad1 Bc6 15. Bf3 a5 16. b4 axb4 17. axb4 Ra3 18. Rd3 Rfa8 19. e5 Ne8 20. f5 d5 21. fxe6 fxe6 22. Bh5 Bxb4 23. Bf7+ Qxf7 24. Rxf7 Kxf7 25. Rf3+ Kg8 26. Qf4 h6 27. Qf7+ Kh8 28. Qxe6 Ra1+ 29. Kf2 R1a6 30. Qf7 Ra1 31. e6 Rc1 32. Qg6 Raa1 33. Rf7 Rf1+ 34. Kg3 Bd6+ 35. Kh3 Bf8 36. Qxh6+ Kg8 37. Qg6 Rae1 38. Ne2 b4 39. Ng3 Rxe6 40. Rxf8+ Kxf8 41. Qxe6 1-0

[Event "7th Iberoamerican-ch 2019"]
[Site "Linares"]
[Date "2019.08.14"]
[Round "5.11"]
[White "Vega Gutierrez, Sabrina"]
[Black "Cuenca Jimenez, Jose Fernando"]
[Result "0-1"]
[ECO "C80"]
[WhiteElo "2385"]
[BlackElo "2515"]
[Annotator "ChessBase"]
[PlyCount "54"]
[EventDate "2019.08.10"]
[EventType "swiss"]
[EventCountry "ESP"]
[SourceTitle "playchess.com"]
[Source "ChessBase"]
[SourceQuality "1"]
[TimeControl "5400+30"]

1. e4 e5 2. Nf3 Nc6 3. Bb5 a6 4. Ba4 Nf6 5. O-O Nxe4 6. d4 b5 7. Bb3 d5 8. dxe5 Be6 9. Be3 Be7 10. c3 O-O 11. Nbd2 Nxd2 12. Qxd2 Na5 13. Nd4 Nc4 14. Bxc4 dxc4 15. f4 Bd7 16. f5 c5 17. f6 cxd4 18. Qxd4 Re8 19. Rad1 gxf6 20. exf6 Bf8 21. Qf4 Qc8 22. Rd5 Qc6 23. Rfd1 Qe6 24. Qg3+ Kh8 25. Bf2 Bc6 26. Rg5 Bh6 27. Rh5 Qe2 0-1

[Event "7th Iberoamerican-ch 2019"]
[Site "Linares"]
[Date "2019.08.14"]
[Round "5.14"]
[White "Salinas Herrera, Pablo"]
[Black "Perez Garcia, Alejandro"]
[Result "1-0"]
[ECO "D70"]
[WhiteElo "2506"]
[BlackElo "2347"]
[Annotator "ChessBase"]
[PlyCount "105"]
[EventDate "2019.08.10"]
[EventType "swiss"]
[EventCountry "ESP"]
[SourceTitle "playchess.com"]
[Source "ChessBase"]
[SourceQuality "1"]
[TimeControl "5400+30"]

1. Nf3 d5 2. d4 Nf6 3. c4 c6 4. Nbd2 Bf5 5. Nh4 Be6 6. e3 g6 7. b3 Bg7 8. Bb2 O-O 9. Bd3 c5 10. dxc5 Na6 11. O-O Nxc5 12. Be2 dxc4 13. Nxc4 Bxc4 14. Bxc4 Nfe4 15. Bxg7 Kxg7 16. Qd4+ Qxd4 17. exd4 Nd7 18. Rfe1 Ndf6 19. Bd3 Ng5 20. Rxe7 Rad8 21. f4 Nd5 22. Rxb7 Nxf4 23. Bc4 Rxd4 24. Rf1 Nfh3+ 25. gxh3 Rxh4 26. Rxa7 Nxh3+ 27. Kh1 Ng5 28. Rd7 Re8 29. a4 Re3 30. a5 Rc3 31. Rd2 Ne4 32. Rxf7+ Kh6 33. Ra2 Nd6 34. Rf1 Nxc4 35. bxc4 Rhxc4 36. a6 Rc1 37. Rxc1 Rxc1+ 38. Kg2 Rc8 39. Ra5 g5 40. a7 Ra8 41. Ra6+ Kg7 42. Kf3 h5 43. Ke4 g4 44. Kf5 Kf7 45. Kg5 Ke7 46. Kxh5 Kd7 47. Kxg4 Kc7 48. h4 Kb7 49. Rg6 Kxa7 50. h5 Re8 51. h6 Re1 52. Kg5 Rh1 53. Kf6 1-0

[Event "7th Iberoamerican-ch 2019"]
[Site "Linares"]
[Date "2019.08.14"]
[Round "5.15"]
[White "Aizpurua, Patrick"]
[Black "Matamoros Franco, Carlos S."]
[Result "0-1"]
[ECO "A10"]
[WhiteElo "2261"]
[BlackElo "2498"]
[Annotator "ChessBase"]
[PlyCount "66"]
[EventDate "2019.08.10"]
[EventType "swiss"]
[EventCountry "ESP"]
[SourceTitle "playchess.com"]
[Source "ChessBase"]
[SourceQuality "1"]
[TimeControl "5400+30"]

1. c4 g6 2. g3 Bg7 3. Bg2 c5 4. e3 Nc6 5. Ne2 e5 6. Nbc3 Nge7 7. O-O O-O 8. a3 a5 9. b3 d6 10. Bb2 Rb8 11. Nb5 d5 12. cxd5 Nxd5 13. Rc1 b6 14. d4 exd4 15. Bxd4 Nxd4 16. exd4 Be6 17. Qd3 Qd7 18. dxc5 bxc5 19. Rfd1 Rfd8 20. Bxd5 Qxd5 21. Qxd5 Bxd5 22. Rxc5 Bxb3 23. Rxd8+ Rxd8 24. Nbc3 a4 25. Ra5 Re8 26. f3 Bh6 27. f4 Bf8 28. Kf2 Bxa3 29. Nxa4 Bb4 30. Ra7 Bd2 31. Ra6 Bc4 32. Ra8 Be3+ 33. Kf3 Bd5+ 0-1

[Event "7th Iberoamerican-ch 2019"]
[Site "Linares"]
[Date "2019.08.14"]
[Round "5.16"]
[White "Del Rio De Angelis, Salvador G."]
[Black "Lianes Garcia, Marcos"]
[Result "1-0"]
[ECO "E49"]
[WhiteElo "2472"]
[BlackElo "2347"]
[Annotator "ChessBase"]
[PlyCount "89"]
[EventDate "2019.08.10"]
[EventType "swiss"]
[EventCountry "ESP"]
[SourceTitle "playchess.com"]
[Source "ChessBase"]
[SourceQuality "1"]
[TimeControl "5400+30"]

1. d4 Nf6 2. c4 e6 3. Nc3 Bb4 4. e3 O-O 5. Bd3 d5 6. a3 Bxc3+ 7. bxc3 c5 8. cxd5 exd5 9. Ne2 b6 10. O-O Ba6 11. f3 Re8 12. Ng3 Bxd3 13. Qxd3 Nc6 14. Bb2 Qe7 15. Rae1 Rad8 16. e4 dxe4 17. fxe4 Ne5 18. Qe2 Ng6 19. d5 c4 20. Qxc4 Ne5 21. Qd4 Qc5 22. Qxc5 bxc5 23. c4 Nfd7 24. Bxe5 Nxe5 25. Rb1 Rb8 26. Rb5 Nxc4 27. Rxc5 Nxa3 28. Rc7 Rf8 29. Rxa7 Nb5 30. Re7 Nc3 31. h3 Rb2 32. Kh2 Rd2 33. Rf3 Nb5 34. Nf1 Rd4 35. Rb3 Nd6 36. Ng3 Rd2 37. Rb4 g6 38. Rd7 Ne8 39. e5 Ng7 40. Ne4 Re2 41. Nf6+ Kh8 42. Rbb7 Ne8 43. Rxf7 Rxf7 44. Rxf7 Rxe5 45. Rxh7# 1-0

[Event "7th Iberoamerican-ch 2019"]
[Site "Linares"]
[Date "2019.08.14"]
[Round "5.17"]
[White "Silva, Goncalo Nuno Neto Pi"]
[Black "Zambrana, Oswaldo"]
[Result "0-1"]
[ECO "B31"]
[WhiteElo "2085"]
[BlackElo "2440"]
[Annotator "NA"]
[PlyCount "118"]
[EventDate "2019.08.10"]
[EventType "swiss"]
[EventCountry "ESP"]
[SourceTitle "playchess.com"]
[Source "ChessBase"]
[SourceQuality "1"]
[TimeControl "5400+30"]

1. e4 c5 2. Nf3 Nc6 3. Bb5 g6 4. O-O Bg7 5. c3 e5 6. Na3 Nge7 7. Re1 O-O 8. Nc4 d6 9. d3 a6 10. Bxc6 Nxc6 11. a4 h6 12. d4 cxd4 13. cxd4 Bg4 14. dxe5 dxe5 15. Be3 Be6 16. Nb6 Rb8 17. Bc5 Re8 18. Ra3 Nd4 19. a5 Nxf3+ 20. Qxf3 Qd2 21. Rd1 Qxb2 22. Raa1 Rbd8 23. Rdb1 Qd2 24. Be3 Qd6 25. Na4 Qe7 26. Nc5 Bc8 27. Qe2 Rd6 28. Qb2 Rc6 29. Na4 Qc7 30. Bb6 Qb8 31. Be3 Bf8 32. Nb6 Be6 33. Rc1 Rxc1+ 34. Rxc1 Rd8 35. h3 Qd6 36. Bc5 Qd2 37. Qxd2 Rxd2 38. Bxf8 Kxf8 39. Rc5 Rd1+ 40. Kh2 Rb1 41. Rxe5 Rb5 42. Rxb5 axb5 43. Kg3 Ke7 44. e5 b4 45. Kf4 b3 46. Na4 Kd7 47. Ke3 Kc6 48. Kd3 Kb5 49. Nb2 Kxa5 50. Kc3 Kb5 51. Nd3 Bc4 52. Nb2 Bf1 53. g3 Bxh3 54. Kxb3 Kc5 55. Kc3 Bf5 56. Nc4 b5 57. Nd6 b4+ 58. Kb2 Be6 59. f4 h5 0-1

[Event "7th Iberoamerican-ch 2019"]
[Site "Linares"]
[Date "2019.08.14"]
[Round "5.20"]
[White "Larino Nieto, David"]
[Black "Moral Garcia, Serafin"]
[Result "1-0"]
[ECO "A00"]
[WhiteElo "2457"]
[BlackElo "2281"]
[Annotator "ChessBase"]
[PlyCount "125"]
[EventDate "2019.08.10"]
[EventType "swiss"]
[EventCountry "ESP"]
[SourceTitle "playchess.com"]
[Source "ChessBase"]
[SourceQuality "1"]
[TimeControl "5400+30"]

1. g3 Nf6 2. Bg2 g6 3. e4 d6 4. d4 Bg7 5. Nc3 O-O 6. h3 c5 7. dxc5 dxc5 8. Qxd8 Rxd8 9. Be3 Nfd7 10. Nge2 Nc6 11. O-O-O b6 12. e5 Bb7 13. f4 Nf8 14. h4 h5 15. a3 Ne6 16. b4 cxb4 17. axb4 Rab8 18. Rxd8+ Ncxd8 19. Bd5 Kf8 20. Kb2 Nc7 21. Bxb7 Rxb7 22. Nd4 f6 23. exf6 Bxf6 24. Kb3 e5 25. fxe5 Bxe5 26. Ne4 Nd5 27. Bh6+ Kg8 28. Nf3 Nf6 29. Re1 Nxe4 30. Rxe4 Bf6 31. Re8+ Kf7 32. Rf8+ Ke6 33. Rxf6+ Kxf6 34. Bg5+ Kf5 35. Bxd8 Rd7 36. Bg5 Ke4 37. Ne1 Rd5 38. Nd3 a5 39. Nf4 Rb5 40. c3 axb4 41. c4 Rf5 42. Kxb4 Kf3 43. Nxg6 Kxg3 44. Ne7 Rf1 45. Nd5 Rb1+ 46. Kc3 Kg4 47. Kc2 Re1 48. Nxb6 Kf5 49. Nd5 Ke5 50. Kc3 Rh1 51. Nf6 Rh3+ 52. Kb4 Kd4 53. Nxh5 Rh1 54. Bf6+ Kd3 55. Nf4+ Ke4 56. Nd5 Kf5 57. Bg5 Rh2 58. Kc5 Ke6 59. Kc6 Rh1 60. c5 Ke5 61. Nb6 Rh3 62. Kb7 Rc3 63. Bf6+ {[%emt 0:00:20] Kd5} 1-0

[Event "7th Iberoamerican-ch 2019"]
[Site "Linares"]
[Date "2019.08.14"]
[Round "5.21"]
[White "Damaso, Rui"]
[Black "Forgas Moreno, Yaniela"]
[Result "1-0"]
[ECO "A80"]
[WhiteElo "2417"]
[BlackElo "2276"]
[Annotator "NA"]
[PlyCount "97"]
[EventDate "2019.08.10"]
[EventType "swiss"]
[EventCountry "ESP"]
[SourceTitle "playchess.com"]
[Source "ChessBase"]
[SourceQuality "1"]
[TimeControl "5400+30"]

1. d4 f5 2. Nc3 Nf6 3. Bg5 d5 4. e3 e6 5. Nf3 Be7 6. Bd3 O-O 7. Ne2 c5 8. c4 Nc6 9. O-O dxc4 10. Bxc4 Na5 11. Bd3 c4 12. Bc2 b5 13. b3 Bb7 14. Nf4 Bd5 15. Ne5 c3 16. Qd3 b4 17. Qb5 a6 18. Qa4 Ra7 19. a3 Rb7 20. axb4 Bxb4 21. Nfd3 Qd6 22. Nxb4 Nxb3 23. Nxd5 Nxa1 24. Nxc3 Nxc2 25. Qxc2 Rc8 26. Bxf6 gxf6 27. Nd3 Qa3 28. Nc5 Rb2 29. Qc1 a5 30. N3a4 Ra2 31. Qc4 Re8 32. g3 Kf7 33. Qb5 Qb4 34. Qc6 f4 35. d5 e5 36. d6 Rd2 37. exf4 exf4 38. Qd7+ Kf8 39. Qxh7 Rxd6 40. Nd7+ Rxd7 41. Qxd7 f3 42. Qc6 Kf7 43. Nc3 Qg4 44. Nd5 Qf5 45. Nf4 Qe4 46. Qc7+ Re7 47. Qxa5 Re5 48. Qd2 Kg7 49. h4 1-0